 Dungeon Crawl Stone Soup version 0.27-a0-1555-g0e7b3fb1d2 (webtiles) character file.

Game seed: 14712946898547762308

58 wakim the Poker (level 4, -4/34 HPs)
             Began as a Merfolk Gladiator on July 14, 2021.
             Killed by divine providence
             ... invoked by an orc priest
              (13 damage)
             ... on level 3 of the Dungeon.
             The game lasted 00:04:40 (2469 turns).

wakim the Poker (Merfolk Gladiator)                 Turns: 2469, Time: 00:04:41

Health: -4/34      AC: 12    Str: 14    XL:     4   Next: 1%
Magic:  4/4        EV: 11    Int:  7    God:
Gold:   76         SH:  0    Dex: 16    Spells: 3/3 levels left

rFire    . . .     SeeInvis .   a - +0 trident
rCold    . . .     Faith    .   (no shield)
rNeg     . . .     Spirit   .   b - +3 scale mail {Will+}
rPois    .         Reflect  .   e - +2 helmet
rElec    .         Harm     .   (no cloak)
rCorr    .         Rampage  .   (no gloves)
Will     ++...                  (no boots)
Stlth    ..........             (no amulet)
HPRegen  0.11/turn              m - ring of willpower
MPRegen  0.09/turn              (no ring)

@: no status effects
A: (nimble swimmer 2), mertail
a: no special abilities


You were on level 3 of the Dungeon.
You visited 1 branch of the dungeon, and saw 3 of its levels.

You collected 76 gold pieces.

Inventory:

Hand Weapons
 a - a +0 trident (weapon)
Missiles
 d - 3 throwing nets (quivered) {=f!f}
Armour
 b - a +3 scale mail of willpower (worn)
 e - a +2 helmet (worn)
Jewellery
 m - a ring of willpower (left hand)
Scrolls
 r - a scroll of identify
 R - 2 scrolls of magic mapping {!r}
Potions
 h - a potion of ambrosia {unknown}
 l - a potion of flight {unknown}
 o - a potion of brilliance {unknown}
 q - a potion of curing {unknown}
 K - 3 potions of magic
 M - a potion of mutation {!q}


   Skills:
 + Level 2.8 Fighting
 * Level 5.4 Polearms
 - Level 2.0 Throwing
 * Level 5.1 Dodging


You had 3 spell levels left.
You didn't know any spells.
Your spell library contained the following spells:

 Spells                   Type           Power      Damage    Failure   Level
 Corona                   Hex            0%         N/A       91%         1


Dungeon Overview and Level Annotations

Branches:
Dungeon (3/15)

Altars:
Yredelemnul


Innate Abilities, Weirdness & Mutations

((You are quick and stealthy near water. (Stealth+, EV+, Speed+++)))
Your lower body shifts to a powerful aquatic tail in water.


Message History

You closely miss the orc. The orc closely misses you.
You hit the orc.
The orc is almost dead.
The orc closely misses you.
You barely miss the orc.
The orc is almost dead.
The orc completely misses you.
You closely miss the orc.
The orc is almost dead.
An orc wizard appears from thin air!
Reactivating autopickup.
The orc wizard casts a spell.
The orc wizard flickers and vanishes!
Deactivating autopickup; reactivate with Ctrl-A.
The orc hits you but does no damage.
You puncture the orc!
You kill the orc!
You have reached level 4!
You puncture something! Something hits you but does no damage.
Something hits you.
Unknown command.
You miss something. Something hits you but does no damage.
Unknown command.
You hit something. Something hits you but does no damage.
You miss something. Something hits you but does no damage.
You miss something. Something hits you but does no damage.
You barely miss something.
The orc priest invokes the aid of Beogh against you.
Beogh smites you!
You hear some strange, mumbled words.
A puff of flame appears from out of thin air!
The puff of flame hits you but does no damage.
You hit something but do no damage. Something hits you but does no damage.
Unknown command.
The orc priest mumbles some strange prayers to Beogh against you.
Beogh smites you!
* * * LOW HITPOINT WARNING * * *
The orc priest calls down the wrath of Beogh upon you.
Beogh smites you!
You die...

..##.............#
#........#
.................#
#........#
.................#
#........#
......########'###
#........# ......#
#>.# #........###
......# ##.##
#...........
......# #..#
#............
......### ##.##
#............
........# #@.#
#.##..o......
........#
##.###.##.........
........#
#..##.##o..o.....
##......#
##o##.##.........
#......#
#.##.##..†......
##......#
#o##.##o........
#.......#
#..#..{.........
#.......#
##.#...##+#+#...
#.......#
#..o.......+...


You could see an orc priest and an orc.

Vanquished Creatures
  Robin (D:3)
  2 orcs (D:3)
  3 bats
  5 endoplasms
  2 giant cockroaches
  5 hobgoblins
  2 quokkas
  A ball python (D:2)
  2 frilled lizards
  11 goblins
  A kobold (D:2)
  3 rats
  A spectral orc (D:3)
39 creatures vanquished.

Vanquished Creatures (others)
  A fungus (D:1)
1 creature vanquished.

Grand Total: 40 creatures vanquished

Notes
Turn   | Place    | Note
-------+----------+-------------------------------------------
     0 | D:1      | wakim the Merfolk Gladiator began the quest for the Orb.
     0 | D:1      | Reached XP level 1. HP: 16/16 MP: 1/1
   223 | D:1      | Found a faded altar of an unknown god.
   235 | D:1      | Got Plato's Collected Works on Beguiling
   579 | D:1      | Reached XP level 2. HP: 23/23 MP: 2/2
  1089 | D:2      | Reached skill level 5 in Polearms
  1647 | D:3      | Noticed Robin
  1656 | D:2      | Reached XP level 3. HP: 22/28 MP: 3/3
  1875 | D:3      | Killed Robin
  2147 | D:3      | Reached skill level 5 in Dodging
  2374 | D:3      | Found a basalt altar of Yredelemnul.
  2459 | D:3      | Reached XP level 4. HP: 28/34 MP: 4/4
  2469 | D:3      | Killed from afar by an orc priest

Illustrated notes

Levels and vault maps discovered:
D:1:      eino_arrival_druids_welcome, layout_basic,
          shapermc_ecumenical_altar_rom_forum
D:2:      layout_basic, grunt_decor_resistance
D:3:      layout_basic, yredelemnul_forgotten_temple_becter, uniq_robin

Skill      XL: |  1  2  3 |
---------------+----------+-----
Polearms       | 5 |  5.4
Dodging        | 5 |  5.1
Fighting       | |  2.8
Throwing       | |  2.0

Action                   |  1- 3 |  4- 6 || total
-------------------------+-------+-------++-------
Melee: Trident           |   119 |     7 ||   126
  Use: Scroll            |     9 |       ||     9
Armor: Leather armour    |     6 |       ||     6
       Ring mail         |    28 |       ||    28
       Scale mail        |    12 |     7 ||    19
Dodge: Dodged            |    62 |       ||    62

Table legend: (Time is in decaauts)
 A = Elapsed time spent in this place.
 B = Non-inter-level travel time spent in this place.
 C = Inter-level travel time spent in this place.
 D = Time resting spent in this place.
 E = Time spent auto-exploring this place.
 F = Levels seen in this place.
 G = Mean time per level.
                   A        B        C        D        E       F      G
               +--------+--------+--------+--------+--------+-----+--------+
         Total |   2478 |   2434 |     44 |    226 |   1781 |   3 |  826.0 |
       Dungeon |   2478 |   2434 |     44 |    226 |   1781 |   3 |  826.0 |
               +--------+--------+--------+--------+--------+-----+--------+

Top non-repeatable levels by time:
     D:2: 1309 daAuts
     D:1: 665 daAuts
     D:3: 503 daAuts
